 Dungeon Crawl Stone Soup version 0.21.1-1-g345015f (webtiles) character file.

2694 nicolaieve the Cleaver (level 9, -4/78 HPs)
             Began as a Minotaur Berserker on July 2, 2018.
             Was a High Priest of Trog.
             Slain by an orc warrior
             ... wielding a +2 glaive of freezing
              (12 damage)
             ... on level 7 of the Dungeon.
             The game lasted 00:28:37 (5391 turns).

nicolaieve the Cleaver (Minotaur Berserker)         Turns: 5391, Time: 00:28:38

Health: -4/78      AC:  8    Str: 26    XL:     9   Next: 38%
Magic:  0/8        EV:  9    Int:  4    God:    Trog [*****.]
Gold:   105        SH: 10    Dex:  9    Spells: 8/8 levels left

rFire    . . .     SeeInvis .   a - +1 hand axe
rCold    . . .     Gourm    .   u - +0 shield
rNeg     + . .     Faith    .   s - +0 scale mail
rPois    .         Spirit   +   (helmet restricted)
rElec    .         Reflect  .   k - scarf {Spirit}
rCorr    .         Harm     .   (no gloves)
MR       +....                  o - +0 pair of boots
Stlth    ..........             (no amulet)
HPRegen  0.23/turn              l - ring of protection from magic
MPRegen  0.11/turn              x - ring of positive energy

@: berserk cooldown, slowed, very slow
A: retaliatory headbutt, horns 2
a: Berserk, Trog's Hand, Brothers in Arms, Burn Spellbooks, Renounce Religion


You were on level 7 of the Dungeon.
You worshipped Trog.
Trog was extremely pleased with you.
You were hungry.

You visited 1 branch of the dungeon, and saw 7 of its levels.
You also visited: Sewer.

You collected 347 gold pieces.
You spent 242 gold pieces at shops.

Inventory:

Hand Weapons
 a - a +1 hand axe (weapon)
 r - a +0 war axe
Armour
 k - a scarf of spirit shield (worn)
 o - a +0 pair of boots (worn)
 s - a +0 scale mail (worn)
 u - a +0 shield (worn)
Jewellery
 i - an uncursed ring of see invisible
 l - a ring of protection from magic (left hand)
 m - an uncursed ring of protection from cold
 n - an uncursed ring of teleportation
 p - a +2 ring of strength
 x - a ring of positive energy (right hand)
Wands
 y - a wand of iceblast (5)
 B - a wand of flame (20)
 C - a wand of acid (8)
Scrolls
 b - 4 scrolls of enchant armour
 f - a scroll of remove curse
 v - a scroll of enchant weapon
 w - 5 scrolls of teleportation
 E - a scroll of identify
 H - a scroll of blinking
Potions
 d - 4 potions of curing
 e - 3 potions of might
 g - a potion of lignification
 h - 2 potions of cancellation {unknown}
 j - 6 potions of heal wounds
 q - a potion of haste {unknown}
 t - 2 potions of resistance {unknown}
 A - a potion of mutation {unknown}
 D - 4 potions of flight {unknown}
 F - 2 potions of agility
 G - a potion of berserk rage
 I - a potion of ambrosia {unknown}
Comestibles
 c - 8 rations
 z - 6 chunks of flesh


   Skills:
 + Level 6.9 Fighting
 * Level 12.0 Axes
 + Level 5.3 Armour
 - Level 2.1 Dodging
 * Level 6.1 Shields


You had 8 spell levels left.
You didn't know any spells.

Dungeon Overview and Level Annotations

Branches:
Dungeon (7/15)             Temple (0/1) D:5

Altars:
Dithmenos
Fedhas
Gozag
Makhleb
Nemelex Xobeh
Okawaru
Xom

Shops:
D:5 !   D:6 [


Innate Abilities, Weirdness & Mutations

You reflexively headbutt those who attack you in melee.
You have a pair of horns on your head.


Message History

* * * LOW HITPOINT WARNING * * *
The adder barely misses you.
You miss Rwicked's ghost. Your headbutt misses Rwicked's ghost.
Rwicked's ghost is almost destroyed.
You closely miss the adder. The orc warrior barely misses you.
Rwicked's ghost hits you but does no damage.
The adder bites you but does no damage.
Unknown command.
You closely miss Rwicked's ghost.
Rwicked's ghost is almost destroyed.
You barely miss the adder. The adder bites you but does no damage.
Rwicked's ghost closely misses you. You furiously retaliate!
You headbutt Rwicked's ghost.
You destroy Rwicked's ghost!
Trog accepts your kill.
Trog appreciates your killing of a magic user.
Your Axes skill increases to level 12!
Your Shields skill increases to level 6!
The orc warrior hits you from afar with a glaive of freezing!
You die...

#............
#............
#............
#............
#####............
................#
................#
........†@S.....+
.......o.)......#
............?...#
.........†......#
.........)......###
###########.......#
#.......# #..)....#
#.......#


You could see an orc warrior and an adder.

Vanquished Creatures
  The ghost of Rwicked the Geomancer, a novice GrEE of Vehumet (D:7)
  An orc warrior (D:6)
  2 ice beasts
  A sky beast (D:6)
  A necrophage (D:7)
  3 ogres
  A phantom (D:5)
  3 centaurs
  A big kobold (Sewer)
  A bullfrog (D:6)
  A water moccasin skeleton (D:6)
  3 crimson imps (D:5)
  2 centaur zombies (D:5)
  2 hounds
  4 jellies
  3 orc priests
  An iguana (D:6)
  3 orc wizards (D:6)
  2 worker ants (D:4)
  Robin (D:4)
  9 gnolls
  11 adders
  2 river rats (Sewer)
  11 oozes
  An adder zombie (D:5)
  2 dart slugs
  The ghost of dscm the Grave Robber, a weakling OpNe (D:4)
  7 leopard geckos
  22 orcs
  2 giant cockroaches
  17 goblins
  9 hobgoblins
  21 jackals
  4 quokkas
  2 ball pythons
  11 bats
  7 frilled lizards
  14 kobolds
  A quokka skeleton (D:4)
  8 rats
  3 fungi
202 creatures vanquished.

Vanquished Creatures (others)
  A fungus (D:4)
  8 toadstools (D:2)
9 creatures vanquished.

Grand Total: 211 creatures vanquished

Notes
Turn   | Place    | Note
-------+----------+-------------------------------------------
     0 | D:1      | nicolaieve the Minotaur Berserker began the quest for the Orb.
     0 | D:1      | Reached XP level 1. HP: 19/19 MP: 0/0
    80 | D:1      | Reached skill level 4 in Axes
   291 | D:1      | Reached XP level 2. HP: 23/27 MP: 1/1
   323 | D:1      | Reached XP level 3. HP: 27/33 MP: 2/2
   502 | D:1      | Reached skill level 5 in Axes
   741 | D:2      | Reached ** piety under Trog
   777 | D:2      | Reached XP level 4. HP: 33/40 MP: 3/3
   790 | D:2      | Found a shimmering altar of Xom.
  1306 | D:2      | Reached skill level 6 in Axes
  1391 | D:2      | Reached XP level 5. HP: 36/47 MP: 4/4
  1394 | D:2      | Reached skill level 5 in Fighting
  1422 | D:2      | Reached skill level 7 in Axes
  1568 | D:2      | Reached XP level 6. HP: 51/56 MP: 5/5
  1574 | D:2      | Found a sparkling altar of Nemelex Xobeh.
  2105 | D:3      | Reached *** piety under Trog
  2213 | D:3      | Noticed an ice beast
  2219 | D:3      | Killed an ice beast
  2529 | D:3      | Found a burning altar of Makhleb.
  2913 | D:4      | Found a shadowy altar of Dithmenos.
  2959 | D:4      | Reached skill level 8 in Axes
  2999 | D:4      | Reached skill level 1 in Shields
  2999 | D:4      | Reached XP level 7. HP: 59/62 MP: 4/6
  3039 | D:4      | Noticed Robin
  3056 | D:4      | Reached **** piety under Trog
  3058 | D:4      | Killed Robin
  3152 | D:4      | Noticed dscm's ghost (weakling OpNe)
  3170 | D:4      | Found a glowing drain.
  3175 | Sewer    | Entered a sewer
  3277 | Sewer    | Found a white marble altar of Elyvilon.
  3324 | D:4      | Killed dscm's ghost
  3324 | D:4      | Received a gift from Trog
  3620 | D:4      | Found a blossoming altar of Fedhas.
  3636 | D:4      | Found an iron altar of Okawaru.
  3659 | D:4      | Reached skill level 9 in Axes
  4091 | D:5      | Entered Level 5 of the Dungeon
  4128 | D:5      | Reached XP level 8. HP: 70/70 MP: 7/7
  4189 | D:5      | Reached skill level 10 in Axes
  4275 | D:5      | Found a staircase to the Ecumenical Temple.
  4435 | D:5      | Found Emeos's Distillery.
  4443 | D:5      | Bought a potion of agility for 44 gold pieces
  4443 | D:5      | Bought a potion of berserk rage for 55 gold pieces
  4443 | D:5      | Bought a potion of agility for 44 gold pieces
  4443 | D:5      | Bought a potion of curing for 33 gold pieces
  4443 | D:5      | Bought a potion of heal wounds for 55 gold pieces
  4443 | D:5      | Bought a potion of degeneration for 11 gold pieces
  4883 | D:6      | Reached skill level 11 in Axes
  5058 | D:6      | Found Itozosh's Armour Shoppe.
  5138 | D:6      | Reached skill level 5 in Shields
  5138 | D:6      | Reached XP level 9. HP: 78/78 MP: 6/8
  5228 | D:6      | Found a sparkling altar of Nemelex Xobeh.
  5228 | D:6      | Found an opulent altar of Gozag.
  5294 | D:7      | Reached ***** piety under Trog
  5369 | D:7      | Reached skill level 5 in Armour
  5371 | D:7      | Noticed Rwicked's ghost (novice GrEE)
  5391 | D:7      | Killed Rwicked's ghost
  5391 | D:7      | Reached skill level 12 in Axes
  5391 | D:7      | Slain by an orc warrior

Skill      XL: |  1  2  3  4  5  6  7  8  9 |
---------------+----------------------------+-----
Axes           | 4 5 6 7 8 9 11 12 | 12.0
Fighting       | 4 5 6 |  6.9
Shields        | 1 2 5 6 |  6.1
Armour         | 3 4 5 |  5.3
Dodging        | |  2.1

Action                   |  1- 3 |  4- 6 |  7- 9 || total
-------------------------+-------+-------+-------++-------
Melee: Hand axe          |    48 |   139 |   286 ||   473
       Headbutt          |     6 |    30 |    62 ||    98
Invok: Berserk           |       |     1 |     3 ||     4
       Trog's Hand       |       |     1 |       ||     1
       Burn Spellbooks   |       |     1 |       ||     1
  Use: Scroll            |       |     9 |     3 ||    12
 Stab: Sleeping          |     1 |     1 |       ||     2
  Eat: Chunk             |       |     8 |    10 ||    18
Armor: Animal skin       |    11 |    14 |       ||    25
       Scale mail        |       |    11 |    69 ||    80
       Leather armour    |       |     1 |       ||     1
Dodge: Dodged            |    35 |    68 |    59 ||   162
Block: Shield            |       |     8 |   108 ||   116
